 Dungeon Crawl Stone Soup version 0.30-a0-1066-g63dfefce0d (webtiles) character file.

Game seed: 12237314312157046415

18657 KarmaKiller the Cleaver (level 12, -7/95 HPs)
             Began as a Demonspawn Berserker on Apr 10, 2023.
             Was an Elder of Trog.
             Succumbed to an orc knight's poison
             ... on level 2 of the Orcish Mines on Apr 12, 2023.
             The game lasted 01:09:09 (13956 turns).

KarmaKiller the Cleaver (Demonspawn Berserker)     Turns: 13956, Time: 01:09:09

Health: -7/95      AC: 18    Str: 22    XL:     12   Next: 29%
Magic:  12/12      EV: 13    Int:  8    God:    Trog [****..]
Gold:   633        SH:  5    Dex: 20    Spells: 11/11 levels left

rFire   . . .      SeeInvis +    G - +3 war axe (drain)
rCold   + . .      Faith    .    V - +0 buckler
rNeg    . . .      Spirit   .    M - +2 plate armour {rC+}
rPois   .          Reflect  .    t - +0 hat
rElec   .          Rampage  .    y - +0 cloak
rCorr   .                        Q - +0 pair of gloves
Will    .....                    (boots unavailable) Stlth
                                 I - amulet of the acrobat
HPRegen 0.35/turn                j - ring of see invisible
MPRegen 0.13/turn                C - +6 ring of dexterity

@: agile, lethally poisoned (-7 -> -51), about to teleport, on berserk cooldown,
slowed, very slow
A: claws 1, hooves 3, horns 2, powered by death 1, powered by pain 1
a: Renounce Religion, Berserk, Trog's Hand, Brothers in Arms


You were on level 2 of the Orcish Mines.
You worshipped Trog.
Trog was greatly pleased with you.
You visited 2 branches of the dungeon, and saw 11 of its levels.
You also visited: Ossuary.

You collected 857 gold pieces.
You spent 224 gold pieces at shops.

Inventory:

Hand Weapons
 u - a +1 flail
 F - a +0 spear of venom
 G - a +3 war axe of draining (weapon)
 K - a +1 mace of venom
 X - a +2 heavy battleaxe
Missiles
 x - 8 javelins (quivered)
 H - a throwing net
Armour
 t - a +0 hat (worn)
 w - quicksilver dragon scales
 y - a +0 cloak (worn)
 M - a +2 plate armour of cold resistance (worn)
 Q - a +0 pair of gloves (worn)
 V - a +0 buckler (worn)
Jewellery
 e - an amulet of magic regeneration
 j - a ring of see invisible (left hand)
 C - a +6 ring of dexterity (right hand)
 D - a ring of fire
 I - an amulet of the acrobat (around neck)
 Z - a ring of flight
Wands
 a - a wand of polymorph (33)
 g - a wand of mindburst (11)
 J - a wand of digging (7)
 S - a wand of iceblast (6)
 U - a wand of charming (5)
 W - a wand of flame (20)
Scrolls
 d - a scroll of poison
 f - 5 scrolls of teleportation
 h - 3 scrolls of immolation
 i - a scroll of amnesia {unknown}
 k - 5 scrolls of vulnerability
 n - 6 scrolls of noise
 p - 2 scrolls of fear
 q - a scroll of torment {unknown}
 r - a scroll of silence
 E - a scroll of enchant armour {unknown}
 O - a scroll of blinking {unknown}
 R - a scroll of brand weapon {unknown}
Potions
 b - 13 potions of curing
 c - 3 potions of might
 l - 3 potions of degeneration
 m - 5 potions of brilliance {unknown}
 o - 6 potions of haste
 s - 4 potions of heal wounds
 v - a potion of mutation {unknown}
 z - 5 potions of flight
 A - 4 potions of lignification {unknown}
 B - a potion of berserk rage {unknown}
 L - a potion of attraction {unknown}
 N - a potion of ambrosia {unknown}
 T - a potion of resistance {unknown}


   Skills:
 + Level 9.2 Fighting
 + Level 11.6(12.3) Axes
 + Level 6.5(9.9) Maces & Flails
 + Level 9.1 Armour
 + Level 3.9 Dodging
 + Level 2.6 Stealth
 + Level 3.2 Shields
 + Level 3.3 Unarmed Combat


You had 11 spell levels left.
You didn't know any spells.
Your spell library was empty.

Dungeon Overview and Level Annotations

Branches:
Dungeon (9/15)             Temple (0/1) D:6             Orc (2/2) D:9
    Elf (0/3) Orc:2       Ossuary (visited)
   Lair: D:8-11

Altars:
Makhleb
Nemelex Xobeh
Qazlal
Ru
Sif Muna
Trog
Uskayaw
Wu Jian
Xom

Shops:
D:6 ?


Innate Abilities, Weirdness & Mutations

You have sharp fingernails.
You have hooves in place of feet.
You have a pair of horns on your head.
You regenerate a little health from kills.
You sometimes gain a little power by taking damage.


Message History

The orc knight hits you with a +2 bardiche of venom!
You are more poisoned.
The orc priest barely misses you. The orc knight barely misses you.
The orc priest miscasts a cantrip.
You slash the orc priest!
You kill the orc priest!
Trog accepts your kill.
You hit the orc knight but do no damage.
You drain the orc knight.
You feel extremely sick. The orc knight barely misses you.
You hit the orc knight. You kick the orc knight.
The orc knight is lightly wounded.
You feel extremely sick. You block the orc knight's attack.
You feel better.
The orc knight hits you with a +2 bardiche of venom!
You are poisoned.
The orc knight hits you with a +2 bardiche of venom!
* * * LOW HITPOINT WARNING * * *
You are more poisoned.
You feel much better.
You focus on the pain.
You feel agile all of a sudden.
You feel extremely sick.
The orc knight hits you with a +2 bardiche of venom.
* * * LOW HITPOINT WARNING * * *
You are more poisoned.
You hit the orc knight. You kick the orc knight. You headbutt the orc knight.
The orc knight is moderately wounded.
* * * LOW HITPOINT WARNING * * *
You focus on the pain.
You feel more agile all of a sudden.
You feel extremely sick.
The orc knight hits you with a +2 bardiche of venom.
* * * LOW HITPOINT WARNING * * *
You are more poisoned.
The orc knight closely misses you.
As you read the scroll of teleportation, it crumbles to dust.
You feel strangely unstable.
You die...

....# ....# ....# .
..### .. ....# ...
...### .#.. #...#.##
....#
#..)##.###########...###
##...)..##.#...)@)......
.#..))###..#.))o........
.....)#.))).)).)........
........)))))...........
...##.#)..))............
..####.#....).........#.
.## #................##
## ##.#.##..##......#
######### .#.....


You could see an orc knight (drained).

Vanquished Creatures
  Saint Roka (Orc:2)
  A great orb of eyes (D:9)
  A hydra (D:9)
  3 centaur warriors (D:9)
  An orc knight (Orc:2)
  The ghost of cdice the Twirler, a novice DrRe of Sif Muna (D:7)
  3 orc sorcerers (Orc:2)
  2 ugly things (D:9)
  Maurice (D:8)
  A cyclops (Orc:1)
  Joseph (D:8)
  Maggie (D:8)
  A troll (D:9)
  A slime creature (D:9)
  6 yaks (D:9)
  Grum (D:8)
  A warg (Orc:1)
  An acid dragon (D:9)
  2 ice beasts
  21 orc warriors
  A sky beast (D:8)
  2 black bears
  5 ogres
  4 wolves (D:8)
  2 centaurs (D:5)
  3 kobold brigands
  A phantom (D:6)
  6 bullfrogs
  15 scorpions
  5 wights (D:6)
  12 killer bees
  4 howler monkeys
  5 human zombies (Ossuary)
  A centaur zombie (Ossuary)
  5 hounds
  2 gnoll boudas
  23 orc priests
  5 sleepcaps
  3 iron imps (D:9)
  4 scorpion zombies (Ossuary)
  An iguana (D:7)
  15 orc wizards
  3 mummies (Ossuary)
  13 gnolls
  7 adders (D:4)
  An ufetubus (D:4)
  4 worms
  A dart slug (D:1)
  56 orcs
  5 ball pythons
  6 bats
  4 endoplasms
  2 giant cockroaches
  4 hobgoblins
  A jackal (D:3)
  12 kobolds
  5 quokkas
  3 frilled lizards
  A gnoll zombie (Ossuary)
  6 goblins
  6 hobgoblin zombies (Ossuary)
  A kobold zombie (Ossuary)
  An orc zombie (Ossuary)
  6 rats
323 creatures vanquished.

Vanquished Creatures (collateral kills)
  A centaur (D:8)
  A howler monkey (D:8)
2 creatures vanquished.

Vanquished Creatures (others)
  A fungus (D:1)
  3 plants (D:1)
4 creatures vanquished.

Grand Total: 329 creatures vanquished

Notes
Turn   | Place    | Note
-------+----------+-------------------------------------------
     0 | D:1      | KarmaKiller the Demonspawn Berserker began the quest for
                  | the Orb.
     0 | D:1      | Reached XP level 1. HP: 18/18 MP: 1/1
   581 | D:1      | Discovered your monstrous ancestry.
   581 | D:1      | Gained mutation: You have a pair of small horns on your
                  | head. [demonic ancestry]
   581 | D:1      | Reached XP level 2. HP: 24/24 MP: 2/2
  1050 | D:1      | Found a faded altar of an unknown god.
  2342 | D:3      | Gained mutation: You regenerate a little health from kills.
                  | [demonic ancestry]
  2342 | D:3      | Reached XP level 3. HP: 29/29 MP: 3/3
  2390 | D:3      | Gained mutation: You have large cloven feet. [demonic
                  | ancestry]
  2390 | D:3      | Reached XP level 4. HP: 36/36 MP: 4/4
  2537 | D:3      | Reached skill level 1 in Axes
  2539 | D:3      | Reached ** piety under Trog
  2541 | D:3      | Gained mutation: You have hoof-like feet. [demonic
                  | ancestry]
  2541 | D:3      | Reached XP level 5. HP: 42/42 MP: 5/5
  2739 | D:3      | Found a stormy altar of Qazlal.
  3763 | D:4      | Found a sand-covered staircase.
  3778 | Ossuary  | Entered an ossuary
  3802 | Ossuary  | Reached skill level 2 in Axes
  3802 | Ossuary  | Reached skill level 1 in Maces & Flails
  3916 | Ossuary  | Gained mutation: You sometimes gain a little power by
                  | taking damage. [demonic ancestry]
  3916 | Ossuary  | Reached XP level 6. HP: 41/48 MP: 6/6
  4102 | Ossuary  | Reached skill level 1 in Stealth
  4202 | Ossuary  | Gained mutation: You have hooves in place of feet. [demonic
                  | ancestry]
  4202 | Ossuary  | Reached XP level 7. HP: 39/54 MP: 7/7
  4503 | Ossuary  | Reached XP level 8. HP: 61/61 MP: 8/8
  5251 | D:4      | Reached skill level 5 in Maces & Flails
  5447 | D:4      | Found a hide-covered altar of Uskayaw.
  5486 | D:4      | Found a bloodstained altar of Trog.
  5804 | D:5      | Entered Level 5 of the Dungeon
  5816 | D:5      | Reached skill level 5 in Fighting
  5851 | D:5      | Reached skill level 5 in Armour
  6087 | D:5      | Upgraded the game from 0.30-a0-1043-g60ff8d5f49 to
                  | 0.30-a0-1053-gbd8d5ba0ad
  6168 | D:5      | Reached *** piety under Trog
  6715 | D:5      | Found an ornate altar of the Wu Jian Council.
  6783 | D:6      | Found Asuwkiqu's Magic Scroll Boutique.
  6807 | D:6      | Gained mutation: You have sharp fingernails. [demonic
                  | ancestry]
  6807 | D:6      | Reached XP level 9. HP: 60/68 MP: 9/9
  6858 | D:6      | Bought a scroll of enchant weapon for 112 gold pieces
  6858 | D:6      | Bought a scroll of magic mapping for 112 gold pieces
  6959 | D:6      | Reached skill level 3 in Axes
  7303 | D:6      | Reached skill level 4 in Axes
  7408 | D:6      | Found a sparkling altar of Nemelex Xobeh.
  7557 | D:6      | Found a staircase to the Ecumenical Temple.
  8089 | D:7      | Found a sacrificial altar of Ru.
  8118 | D:7      | Found a runed translucent door.
  8118 | D:7      | Noticed cdice's ghost (novice DrRe)
  8153 | D:7      | Reached skill level 5 in Axes
  8374 | D:7      | Upgraded the game from 0.30-a0-1053-gbd8d5ba0ad to
                  | 0.30-a0-1066-g63dfefce0d
  8631 | D:7      | Found a shimmering blue altar of Sif Muna.
  8698 | D:7      | Killed cdice's ghost
  8699 | D:7      | Reached skill level 6 in Axes
  8919 | D:8      | Reached XP level 10. HP: 77/77 MP: 10/10
  8921 | D:8      | Noticed Joseph
  8931 | D:8      | Killed Joseph
  8988 | D:8      | Noticed Grum
  8999 | D:8      | Killed Grum
  9000 | D:8      | Reached skill level 7 in Axes
  9128 | D:8      | Noticed Maurice
  9138 | D:8      | Killed Maurice
  9309 | D:8      | Reached **** piety under Trog
  9359 | D:8      | Noticed Maggie
  9367 | D:8      | Killed Maggie
  9369 | D:8      | Reached skill level 8 in Axes
 10247 | D:9      | Noticed a centaur warrior
 10250 | D:9      | Killed a centaur warrior
 10290 | D:9      | Noticed a white ugly thing
 10296 | D:9      | Killed a white ugly thing
 10297 | D:9      | Reached skill level 9 in Axes
 10297 | D:9      | Reached XP level 11. HP: 85/85 MP: 11/11
 10361 | D:9      | Noticed an eight-headed hydra
 10369 | D:9      | Killed a 12-headed hydra
 10371 | D:9      | Noticed a great orb of eyes
 10525 | D:9      | Noticed a centaur warrior
 10531 | D:9      | Killed a centaur warrior
 10532 | D:9      | Reached skill level 1 in Shields
 10576 | D:9      | Noticed a green ugly thing
 10580 | D:9      | Killed a green ugly thing
 10682 | D:9      | Noticed a centaur warrior
 10688 | D:9      | Killed a centaur warrior
 10797 | D:9      | Killed a great orb of eyes
 10890 | D:9      | Reached skill level 10 in Axes
 11213 | D:9      | Found a staircase to the Orcish Mines.
 11578 | D:9      | Found a burning altar of Makhleb.
 12062 | Orc:1    | Entered Level 1 of the Orcish Mines
 12523 | Orc:2    | Entered Level 2 of the Orcish Mines
 12543 | Orc:2    | Noticed Saint Roka
 12628 | Orc:2    | Killed Saint Roka
 12629 | Orc:2    | Reached skill level 11 in Axes
 12791 | Orc:2    | Noticed an orc sorcerer
 12792 | Orc:2    | Paralysed by an orc sorcerer for 5 turns
 12793 | Orc:2    | Gained mutation: You have a pair of horns on your head.
                  | [demonic ancestry]
 12793 | Orc:2    | Reached XP level 12. HP: 94/94 MP: 12/12
 12798 | Orc:2    | Found a shimmering altar of Xom.
 13348 | Orc:2    | Found a staircase to the Elven Halls.
 13956 | Orc:2    | Succumbed to an orc knight's poison

Illustrated notes

Levels and vault maps discovered:
D:1:      reono_arrival_mine, layout_basic,
          shapermc_ecumenical_altar_mp_urbaneastern
D:2:      layout_basic
D:3:      layout_basic, nicolae_qazlal_eye_of_the_storm, hellmonk_no_cap
D:4:      cheibrodos_quashed, layout_loops_corners, bloody_trog,
          nicolae_uskayaw_murder_on_the_dancefloor,
          nicolae_ossuary_entry_monument, minmay_puff
D:5:      layout_rooms, kennysheep_mini_moat, mainiacjoe_overflow_boulevard,
          grunt_decor_one_mirror, minmay_misc_feat_nine_boxes
D:6:      layout_basic, nemelex_spade_bored_becter,
          minmay_temple_entry_enclosed_plants, serial_shops, shop_scrolls
D:7:      layout_loops_ring, led_sif_pool, mainiacjoe_overflow_brackets,
          lemuel_round_altar, hellmonk_ghost_happy_afterlife
D:8:      layout_rooms, uniq_maurice, uniq_joseph, uniq_maggie, uniq_grum
D:9:      layout_basic, demons_altar, orc_0_dummy, minmay_evil_grid
Orc:1:    layout_caves, serial_shops, nicolae_shop_behind_doors, uniq_fannar
Orc:2:    st_orc_pillars, layout_diamond_mine, basic_altar, mines_bat_river,
          uniq_saint_roka

Skill      XL: |  1  2  3  4  5  6  7  8  9 10 11 12 |
---------------+-------------------------------------+-----
Armour         | 2 3 4 5 6 7 8 9 |  9.1
Unarmed Combat | 3 |  3.3
Dodging        | 2 3 |  3.9
Axes           | 1 2 6 9 11 | 11.6
Fighting       | 4 5 6 7 8 9 |  9.2
Maces & Flails | 1 3 4 6 |  6.5
Stealth        | 1 2 |  2.6
Shields        | 3 |  3.2

Action                     |  1- 3 |  4- 6 |  7- 9 | 10-12 || total
---------------------------+-------+-------+-------+-------++-------
  Melee: Hand axe          |    72 |    16 |       |       ||    88
         Unarmed           |     4 |       |       |       ||     4
         Headbutt          |    11 |    22 |    42 |    56 ||   131
         Kick              |       |    27 |    76 |    94 ||   197
         Flail             |       |    90 |    83 |       ||   173
         Punch             |       |     3 |     9 |     2 ||    14
         War axe           |       |       |   118 |   307 ||   425
 Invoke: Berserk           |     3 |     5 |    15 |    25 ||    48
         Trog's Hand       |       |     1 |     1 |       ||     2
         Brothers in Arms  |       |       |       |     1 ||     1
    Use: Scroll            |     2 |     4 |     7 |     5 ||    18
         Potion            |     1 |     1 |       |     3 ||     5
 Armour: Leather armour    |     2 |       |       |       ||     2
         Ring mail         |    18 |    23 |    63 |       ||   104
         Plate armour      |       |       |    30 |   131 ||   161
  Dodge: Dodged            |    56 |    72 |   130 |   160 ||   418
  Block: Buckler           |       |       |       |    63 ||    63

Table legend: (Time is in decaauts)
 A = Elapsed time spent in this place.
 B = Non-inter-level travel time spent in this place.
 C = Inter-level travel time spent in this place.
 D = Time resting spent in this place.
 E = Time spent auto-exploring this place.
 F = Levels seen in this place.
 G = Mean time per level.
                   A        B        C        D        E       F      G
               +--------+--------+--------+--------+--------+-----+--------+
         Total |  14467 |  14467 |      0 |   3619 |      0 |  12 | 1205.6 |
       Dungeon |  11553 |  11553 |      0 |   2231 |      0 |   9 | 1283.7 |
  Orcish Mines |   1973 |   1973 |      0 |    981 |      0 |   2 |  986.5 |
       Ossuary |    939 |    939 |      0 |    406 |      0 |   1 |  939.0 |
               +--------+--------+--------+--------+--------+-----+--------+

Top non-repeatable levels by time:
     D:9: 2232 daAuts
     D:4: 1500 daAuts
     D:2: 1270 daAuts
     D:6: 1257 daAuts
   Orc:1: 1245 daAuts
     D:3: 1213 daAuts
     D:1: 1084 daAuts
     D:8: 1083 daAuts
     D:5: 994 daAuts
 Ossuary: 939 daAuts
     D:7: 917 daAuts
   Orc:2: 728 daAuts
